 Dungeon Crawl Stone Soup version 0.23-a0-554-gd3cbc84 (webtiles) character file.

9206 MisterFreud the Destroyer (level 11, 0/81 HPs)
             Began as a Naga Fire Elementalist on Dec 10, 2018.
             Was a High Priest of Cheibriados.
             Slain by a black mamba (6 damage)
             ... on level 1 of the Lair of Beasts.
             The game lasted 00:36:26 (10460 turns).

MisterFreud the Destroyer (Naga Fire Elementalist) Turns: 10460, Time: 00:36:27

Health: 0/81       AC:  7    Str: 22    XL:     11   Next: 42%
Magic:  20/20      EV: 15    Int: 29    God:    Cheibriados [*****.]
Gold:   535        SH:  8    Dex: 23    Spells: 6/22 levels left

rFire    + . .     SeeInvis +   a - +2 scimitar (flame)
rCold    . . .     Gourm    .   M - +2 buckler
rNeg     . . .     Faith    .   H - +2 robe {rF+}
rPois    +         Spirit   .   (no helmet)
rElec    .         Reflect  .   G - +0 cloak
rCorr    .         Harm     .   (no gloves)
MR       ++...                  (no barding)
Stlth    +++.......             b - amulet of regeneration
HPRegen  0.63/turn              p - ring of protection from magic
MPRegen  0.17/turn              e - ring of wizardry

@: lethally poisoned (0 -> -1), very slightly contaminated, very slow
A: large, see invisible, deformed body, poison resistance, slowness 2, slow
metabolism 1, spit poison 1, AC +3
a: Spit Poison, Bend Time, Temporal Distortion, Slouch, Step From Time, Renounce
Religion


You were on level 1 of the Lair of Beasts.
You worshipped Cheibriados.
Cheibriados was extremely pleased with you.
You were hungry.

You visited 3 branches of the dungeon, and saw 11 of its levels.

You collected 535 gold pieces.

Inventory:

Hand Weapons
 a - a +2 scimitar of flaming (weapon)
Missiles
 g - 101 sling bullets
 k - 282 stones (quivered)
 l - 17 tomahawks
 o - 64 bolts
 q - 105 arrows
 t - 18 poisoned needles
Armour
 n - a cursed +0 leather armour
 v - a +0 buckler
 G - a +0 cloak (worn)
 H - a +2 robe of fire resistance (worn)
 M - a +2 buckler (worn)
Jewellery
 b - an amulet of regeneration (around neck)
 e - a ring of wizardry (right hand)
 p - a ring of protection from magic (left hand)
 F - an uncursed ring of protection from fire
 O - the ring "Yly Jir" {rN+ Str-5 Dex+6}
   (You found it on level 9 of the Dungeon)

   [ring of positive energy]

   It affects your strength (-5).
   It affects your dexterity (+6).
   It protects you from negative energy.
Wands
 x - a wand of iceblast (3)
 I - a wand of acid (8)
 J - a wand of enslavement (10)
 K - a wand of scattershot (4)
Scrolls
 h - 2 scrolls of magic mapping
 i - 3 scrolls of enchant weapon
 r - 5 scrolls of remove curse
 w - a scroll of immolation
 y - a scroll of amnesia
 L - a scroll of teleportation
 P - a scroll of brand weapon {unknown}
Potions
 d - 3 potions of curing
 f - a potion of cancellation
 j - 4 potions of lignification
 m - a potion of might
 s - 3 potions of ambrosia
 u - 3 potions of flight
 z - a potion of degeneration {unknown}
 B - 3 potions of heal wounds
 N - a potion of invisibility {unknown}
Comestibles
 c - 20 rations
 C - a chunk of flesh


   Skills:
 + Level 3.7 Long Blades
 - Level 6.0 Dodging
 - Level 3.0 Stealth
 - Level 2.6 Shields
 - Level 6.3 Spellcasting
 - Level 8.0 Conjurations
 - Level 4.4 Charms
 - Level 8.0 Fire Magic
 - Level 4.3 Ice Magic
 - Level 6.0 Invocations


You had 6 spell levels left.
You knew the following spells:

 Your Spells              Type           Power        Failure   Level  Hunger
a - Flame Tongue          Conj/Fire      #####        1%          1    None
b - Conjure Flame         Conj/Fire      ######..     1%          3    None
c - Sticky Flame          Conj/Fire      ######..     1%          4    ###....
d - Ozocubu's Armour      Chrm/Ice       ####....     1%          3    None
e - Fireball              Conj/Fire      ######....   2%          5    #####..

Your spell library contained the following spells:

 Spells                   Type           Power        Failure   Level  Hunger
 Freeze                   Ice            ####         1%          1    None
 Throw Flame              Conj/Fire      ######       1%          2    None
 Throw Frost              Conj/Ice       #####.       1%          2    None
 Inner Flame              Hex/Fire       ####....     1%          3    None
 Throw Icicle             Conj/Ice       #####...     1%          4    ###....
 Confusing Touch          Hex            #.....       2%          1    None
 Confuse                  Hex            #.......     7%          3    None
 Gell's Gravitas          Tloc           #.........   7%          3    None
 Summon Ice Beast         Ice/Summ       ###.....     9%          4    ###....
 Petrify                  Tmut/Erth      #.......     22%         4    ###....
 Metabolic Englaciation   Hex/Ice        ###.......   24%         5    #####..
 Yara's Violent Unravell  Hex/Tmut       #.........   50%         5    #####..


Dungeon Overview and Level Annotations

Branches:
Dungeon (9/15)             Temple (1/1) D:4            Lair (1/6) D:8
    Orc: D:9-12

Altars:
Ashenzari
Cheibriados
Makhleb
Qazlal
Wu Jian
Yredelemnul

Annotations:
D:6 3 runed doors, Dowan; Duvessa; Lavandula's ghost, amateur HaEn
D:9 2 transporters, Amnesiac's ghost, novice SpEn


Innate Abilities, Weirdness & Mutations

You cannot wear boots.
Your serpentine skin is tough. (AC +3)
You have supernaturally acute eyesight. (SInv)
Armour fits poorly on your strangely shaped body.
Your system is resistant to poisons. (rPois)
You cover ground very slowly.
You have a slow metabolism.
You can spit poison.


Message History

The scorpion stings you.
* * * LOW HITPOINT WARNING * * *
Unknown command.
Blink to where?
Press: ? - help, Dir - move target cursor, p - spiny frog You are very lightly contaminated with residual magic.
As you read the scroll of blinking, it crumbles to dust.
As you read the scroll of teleportation, it crumbles to dust.
You feel strangely unstable.
You feel sick.
Your icy armour cracks and falls away as you move.
You are feeling hungry.
You feel sick.
Your surroundings suddenly seem different.
You feel sick.
A black mamba comes into view.
Okay, then.
Magic courses through your body. The black mamba closely misses you.
You fail to use your ability.
You block the black mamba's attack. The black mamba bites you.
You die...

#.#...## #...........
###....## ###...........
###...## #.............
##...## ##.............
##...###
##..............
##....###...............
##...##.......##.!...##
##.........####.....#
##..@....## #.....#
#....S..## #.....#
##......## #.....#
##........# #.....P
##..........# #.....##
###.......#....# #.....#
#.......#####...#
##......## #...
##......##


You could see a black mamba.

Vanquished Creatures
  A hydra (D:8)
  Erica (D:8)
  Pikel (D:9)
  Maurice (D:8)
  2 spiny frogs (Lair:1)
  Psyche (D:8)
  2 komodo dragons (Lair:1)
  2 dream sheep (D:8)
  A hippogriff (D:9)
  2 yaks (D:8)
  Sigmund (D:2)
  2 water moccasins
  An ice beast (D:9)
  6 porcupines
  An orc warrior (D:8)
  A black bear (D:9)
  2 sky beasts
  4 slaves (D:9)
  A necrophage (D:9)
  2 centaurs
  2 crocodiles
  3 big kobolds (D:8)
  4 bullfrogs
  A water moccasin zombie (D:7)
  A water moccasin skeleton (D:4)
  7 scorpions
  7 killer bees (D:9)
  3 wights (D:9)
  7 howler monkeys
  2 crimson imps (D:5)
  2 bullfrog zombies
  2 centaur skeletons
  A jelly (D:5)
  4 orc priests
  2 bullfrog skeletons
  6 hounds
  4 iguanas
  11 orc wizards
  Natasha (thrice) (D:2)
  6 worker ants
  A hound zombie (D:8)
  Robin (D:3)
  3 gnolls (D:5)
  A howler monkey skeleton (D:9)
  6 adders
  2 shadow imps
  2 oozes (D:2)
  An adder zombie (D:5)
  An adder skeleton (D:5)
  A worm (D:2)
  3 dart slugs
  7 leopard geckos
  23 orcs
  14 giant cockroaches
  22 goblins
  11 hobgoblins
  3 jackals
  3 quokkas
  A ball python (D:3)
  6 bats
  3 frilled lizards
  13 kobolds
  12 rats
  A spectral orc (D:7)
254 creatures vanquished.

Vanquished Creatures (others)
  A leopard gecko (D:2)
  22 fungi
  8 plants
31 creatures vanquished.

Grand Total: 285 creatures vanquished

Notes
Turn   | Place    | Note
-------+----------+-------------------------------------------
     0 | D:1      | MisterFreud the Naga Fire Elementalist began the quest for
                  | the Orb.
     0 | D:1      | Reached XP level 1. HP: 15/15 MP: 3/3
   112 | D:1      | Reached XP level 2. HP: 22/22 MP: 5/5
   517 | D:1      | Reached XP level 3. HP: 28/28 MP: 6/6
  1257 | D:2      | Found a faded altar of an unknown god.
  1281 | D:2      | Noticed Sigmund
  1311 | D:3      | Learned a level 3 spell: Conjure Flame
  1384 | D:3      | Reached XP level 4. HP: 36/36 MP: 7/7
  1418 | D:3      | Identified the cursed -3 helmet of the Cockatrice {rF+
                  | Str+2}
  1418 | D:3      | Noticed Robin
  1715 | D:3      | Killed Robin
  2401 | D:3      | Reached XP level 5. HP: 41/42 MP: 3/8
  2411 | D:3      | Learned a level 4 spell: Sticky Flame
  2840 | D:2      | Noticed Natasha
  2847 | D:2      | Killed Natasha
  2974 | D:2      | Found a stormy altar of Qazlal.
  3017 | D:2      | Killed Sigmund
  3017 | D:2      | Reached skill level 5 in Conjurations
  3017 | D:2      | Reached skill level 5 in Fire Magic
  3017 | D:2      | Reached XP level 6. HP: 22/49 MP: 0/9
  3269 | D:2      | Noticed Natasha
  3272 | D:2      | Killed Natasha
  3435 | D:2      | Noticed Natasha
  3440 | D:2      | Killed Natasha
  3600 | D:4      | Reached skill level 1 in Shields
  3718 | D:4      | Found a staircase to the Ecumenical Temple.
  3725 | D:4      | Found a snail-covered altar of Cheibriados.
  3727 | Temple   | Entered the Ecumenical Temple
  3737 | D:4      | Became a worshipper of Cheibriados the Contemplative
  3842 | D:4      | Reached XP level 7. HP: 47/55 MP: 5/10
  4555 | D:5      | Entered Level 5 of the Dungeon
  4861 | D:5      | Reached skill level 1 in Invocations
  4895 | D:5      | Reached * piety under Cheibriados
  4895 | D:5      | Reached XP level 8. HP: 62/62 MP: 10/14
  6017 | D:6      | Reached skill level 5 in Invocations
  6069 | D:6      | Found a runed gate.
  6069 | D:6      | Found a runed gate.
  6070 | D:6      | Found a runed gate.
  6077 | D:6      | Noticed Lavandula's ghost (amateur HaEn)
  6260 | D:6      | Noticed Duvessa
  6260 | D:6      | Noticed Dowan
  6317 | D:7      | Learned a level 3 spell: Ozocubu's Armour
  6483 | D:7      | Reached skill level 1 in Charms
  6483 | D:7      | Reached skill level 1 in Ice Magic
  6495 | D:7      | Reached ** piety under Cheibriados
  6831 | D:7      | Found a basalt altar of Yredelemnul.
  6874 | D:8      | Reached XP level 9. HP: 63/68 MP: 6/15
  6878 | D:8      | Found a shattered altar of Ashenzari.
  6977 | D:8      | Noticed Maurice
  6992 | D:8      | Killed Maurice
  7060 | D:8      | Found an ornate altar of the Wu Jian Council.
  7078 | D:8      | Noticed Psyche
  7089 | D:8      | Killed Psyche
  7203 | D:8      | Learned a level 5 spell: Fireball
  7215 | D:8      | Found a staircase to the Lair.
  7330 | D:8      | Reached *** piety under Cheibriados
  7586 | D:8      | Noticed Erica
  7719 | D:8      | Reached XP level 10. HP: 75/75 MP: 14/17
  7773 | D:8      | Reached skill level 5 in Spellcasting
  7808 | D:8      | Noticed a two-headed hydra
  7839 | D:8      | Killed a two-headed hydra
  8425 | D:8      | Killed Erica
  8671 | D:9      | Found a burning altar of Makhleb.
  8685 | D:9      | Reached **** piety under Cheibriados
  8825 | D:9      | Found a transporter.
  8833 | D:9      | Found a transporter.
  8834 | D:9      | Noticed Amnesiac's ghost (novice SpEn)
  9161 | D:9      | Noticed Pikel
  9168 | D:9      | Killed Pikel
  9168 | D:9      | Reached XP level 11. HP: 46/81 MP: 14/20
  9379 | D:9      | Reached skill level 5 in Dodging
  9403 | D:9      | Got a scorched bone ring
  9405 | D:9      | Identified the ring "Yly Jir" {rN+ Str-5 Dex+6} (You found
                  | it on level 9 of the Dungeon)
 10074 | Lair:1   | Entered Level 1 of the Lair of Beasts
 10122 | Lair:1   | Reached ***** piety under Cheibriados
 10232 | Lair:1   | Reached skill level 1 in Long Blades
 10454 | Lair:1   | HP: 3/81 [scorpion (2)]
 10460 | Lair:1   | Slain by a black mamba

Vault maps used:
D:1:      minmay_arrival_diagonal_passages
D:2:      grunt_qazlal_clouds, chequers_ecumenical_altar_lobes, first_ration,
          uniq_sigmund, uniq_natasha
D:3:      minmay_roachtagon, minmay_fractal_squares_5, uniq_robin
D:4:      minmay_temple_entry_stoned_glass, serial_co_window_serial,
          co_window_paths_a, co_window_paths_a, co_window_of_opportunity_a,
          co_window_paths_b, co_window_of_opportunity_a, co_window_broadway_c,
          co_window_corner_ca, co_window_of_opportunity_b, co_window_sun,
          co_window_paths_d, glass_columns_a, glass_columns_b, glass_columns_a,
          glass_columns_b, glass_columns_a, minmay_misc_feat_square,
          cheibriados_altar_1
D:6:      lightli_temple_of_fire, gammafunk_ghost_nasty_kobolds, uniq_duvessa,
          uniq_blork_the_orc
D:7:      yredelemnul_forgotten_temple_becter
D:8:      lemuel_round_altar, old_standard_altar, due_lair_maze_entry_diamond,
          hangedman_ranch, uniq_psyche, uniq_erica, uniq_maurice
D:9:      bloody_makhleb, gammafunk_ghost_hive, uniq_pikel
Temple:   nicolae_temple_elliptical
Lair:1:   beast_lair_carwin_6

Skill      XL: |  1  2  3  4  5  6  7  8  9 10 11 |
---------------+----------------------------------+-----
Conjurations   | 2 3 5 6 8 |  8.0
Fire Magic     | 5 6 8 |  8.0
Shields        | 1 2 |  2.6
Spellcasting   | 4 6 |  6.3
Invocations    | 2 6 |  6.0
Charms         | 1 4 |  4.4
Ice Magic      | 2 4 |  4.3
Dodging        | 4 6 |  6.0
Long Blades    | 3 |  3.7
Stealth        | |  3.0

Action                   |  1- 3 |  4- 6 |  7- 9 | 10-12 || total
-------------------------+-------+-------+-------+-------++-------
Melee: Unarmed           |     3 |       |       |       ||     3
       Club              |     9 |    23 |    60 |     8 ||   100
       Scimitar          |       |       |       |    83 ||    83
 Cast: Flame Tongue      |    38 |    77 |   154 |    76 ||   345
       Sticky Flame      |       |       |    19 |    37 ||    56
       Conjure Flame     |       |       |       |     1 ||     1
       Ozocubu's Armour  |       |       |       |     5 ||     5
Invok: Slouch            |       |       |       |     1 ||     1
 Abil: Spit Poison       |    41 |    38 |    56 |    32 ||   167
Evoke: Wand              |       |       |     2 |     1 ||     3
  Use: Scroll            |     4 |     1 |    12 |     4 ||    21
       Potion            |       |     1 |       |     1 ||     2
 Stab: Sleeping          |       |       |     1 |     3 ||     4
       Distracted        |       |       |     1 |       ||     1
  Eat: Chunk             |     4 |     8 |    13 |     3 ||    28
       Ration            |       |       |     1 |     2 ||     3
Armor: Robe              |     9 |    17 |    30 |    39 ||    95
Dodge: Dodged            |    20 |    64 |    51 |    88 ||   223
Block: Buckler           |       |       |    19 |    59 ||    78
       Rpst.: Scimitar   |       |       |       |    19 ||    19

Table legend:
 A = Non-vault XP
 B = Vault XP
 C = Vault XP percentage of total XP
 D = Non-vault monster count
 E = Vault monster count
 F = Vault count percentage of total count
                 A         B        C        D         E       F
            +---------+---------+-------+---------+---------+-------
      Total |    6941 |    6211 |  47.2 |     197 |      53 |  21.2
            +---------+---------+-------+---------+---------+-------
        D:1 |      57 |       0 |   0.0 |      34 |       0 |   0.0
        D:2 |     115 |     247 |  68.2 |      22 |       2 |   8.3
        D:3 |      54 |      81 |  60.0 |      12 |      28 |  70.0
        D:4 |     157 |       0 |   0.0 |       4 |       0 |   0.0
        D:5 |     931 |       0 |   0.0 |      28 |       0 |   0.0
        D:6 |     207 |       0 |   0.0 |       7 |       0 |   0.0
        D:7 |     425 |       1 |   0.2 |      15 |       1 |   6.2
        D:8 |     893 |    4898 |  84.6 |      20 |      20 |  50.0
        D:9 |    2139 |     617 |  22.4 |      46 |       1 |   2.1
     Lair:1 |    1963 |     367 |  15.8 |       9 |       1 |  10.0
            +---------+---------+-------+---------+---------+-------
